Map: Orbital Shipyard

Players

ATCnayr

  • Race: Zerg Zerg
  • League: Platinum

xKawaiian

  • Race: Zerg Zerg
  • League: Master

Cambam (xKawaiian)

  • Race: Terran Terran
  • League: Platinum

Schnitzel

  • Race: Terran Terran
  • League: Grandmaster

VOD

Have the link to the VOD?

Description

Time

  • Played on: Jan. 12, 2016, 11:39 p.m.
  • Length: 8:22
Show
View Real Time Build Order
Export as new Build Order

ATCnayr Zerg 

Build Orders: Hatch First, Muta Ling Bane 

Get SALT Encoding   

  12  0:02  Drone  
  13  0:12  Overlord  
  13  0:17  Drone  
  14  0:30  Drone x2  
  14  0:35  Drone  
  17  0:54  Hatchery  
  17  0:56  Drone  
  17  0:59  Drone  
  18  1:09  Drone, Extractor  
  18  1:18  Spawning Pool  
  18  1:20  Drone  
  18  1:29  Drone  
  19  1:40  Drone  
  20  1:52  Overlord  
  20  2:06  Queen x2  
  20  2:07  Drone, Zergling x2  
  26  2:10  Metabolic Boost  
  26  2:21  Drone x2  
  28  2:23  Drone  
  28  2:41  Queen  
  28  2:43  Hatchery  
  27  2:57  Drone  
  27  2:58  Drone x5  
  33  3:11  Overlord  
  33  3:21  Zergling x6  
  35  3:32  Drone x4  
  39  3:43  Overlord  
  39  3:48  Drone x4  
  43  3:52  Drone x2, Extractor  
  44  3:55  Drone  
  44  3:56  Drone x3  
  44  3:58  Queen  
  50  4:13  Drone x4  
  54  4:23  Overlord, Extractor  
  53  4:30  Evolution Chamber x2  
  51  4:31  Drone x6  
  51  4:32  Drone, Extractor  
  57  4:40  Zergling x2  
  57  4:45  Zergling x8  
  62  4:46  Baneling Nest  
  62  4:50  Zergling x4  
  62  4:51  Zergling x2  
  64  4:58  Zerg Ground Armor Level 1  
  64  4:59  Zerg Melee Weapons Level 1  
  64  5:06  Drone  
  65  5:08  Zergling x2  
  65  5:10  Overlord  
  65  5:11  Overlord  
  65  5:13  Lair  
  66  5:20  Overlord  
  66  5:30  Baneling x2  
  66  5:34  Drone x2, Baneling x2  
  66  5:35  Drone  
  69  5:36  Drone x2  
  69  5:38  Drone x7  
  69  5:39  Drone x2  
  80  5:46  Overlord  
  80  5:51  Zergling x2  
  80  5:52  Zergling x8  
  83  5:57  Hatchery  
  83  5:59  Zergling x4  
  76  6:04  Zergling x8  
  78  6:11  Zergling x4  
  78  6:12  Zergling x2  
  77  6:19  Spire, Centrifical Hooks  
  71  6:26  Infestation Pit  
  71  6:27  Zergling x16, Extractor  
  71  6:28  Extractor  
  71  6:31  Queen  
  73  6:38  Baneling x2  
  64  6:47  Baneling  
  64  6:48  Baneling  
  64  6:53  Zergling x8  
  64  6:54  Zergling x16  
  68  7:07  Zergling x6  
  71  7:29  Drone x2  
  67  7:32  Drone x5  
  67  7:34  Mutalisk x2  
  72  7:40  Mutalisk  
  68  7:46  Baneling  
  68  7:47  Baneling x3  
  59  7:52  Baneling  
Show
View Real Time Build Order
Export as new Build Order

xKawaiian Zerg 

Build Orders:  

Get SALT Encoding   

  12  0:00  SCV  
  13  0:12  SCV  
  14  0:17  Supply Depot  
  14  0:25  SCV  
  15  0:39  SCV  
  15  0:41  Barracks  
  16  0:45  Refinery  
  16  0:51  SCV  
  17  1:03  SCV  
  18  1:15  SCV  
  19  1:29  Orbital Command  
  19  1:30  Reaper  
  20  1:41  Command Center  
  20  1:54  SCV  
  20  1:55  Supply Depot  
  21  2:03  Barracks Reactor  
  21  2:06  SCV  
  22  2:09  Barracks  
  22  2:18  SCV  
  22  2:22  Barracks  
  23  2:31  SCV  
  24  2:40  Marine  
  24  2:41  Marine  
  24  2:43  SCV  
  27  2:53  Orbital Command  
  27  2:55  SCV  
  27  2:57  Barracks Tech Lab  
  28  2:58  Marine x2  
  30  3:08  SCV, Marine  
  30  3:10  Factory, Refinery  
  32  3:15  Stimpack, Marine  
  32  3:16  Marine  
  32  3:17  Marine  
  35  3:20  SCV  
  35  3:22  SCV  
  37  3:28  Marine  
  37  3:32  Supply Depot, SCV  
  37  3:33  Marine  
  40  3:35  SCV  
  40  3:37  Marine  
  40  3:40  Marine  
  43  3:44  SCV  
  43  3:47  SCV  
  45  3:49  Marine  
  45  3:54  Starport, Marine  
  45  3:55  Factory Reactor  
  47  3:56  SCV  
  47  3:59  SCV  
  47  4:01  Supply Depot  
  48  4:07  Supply Depot  
  48  4:09  SCV  
  49  4:11  SCV  
  49  4:12  Marine x4  
  54  4:23  SCV x2  
  56  4:30  Marine  
  57  4:35  SCV  
  57  4:36  Medivac x2  
  62  4:41  Marine x3  
  62  4:45  Factory Reactor  
  65  4:46  SCV  
  65  4:47  Marine  
  65  4:48  Command Center  
  65  4:49  SCV  
  68  4:58  SCV, Marine  
  70  5:01  Supply Depot  
  70  5:02  Supply Depot  
  70  5:06  Supply Depot  
  70  5:20  Engineering Bay  
  70  5:22  SCV x2, Medivac, Engineering Bay, Marine x3  
  78  5:30  Refinery  
  78  5:31  Combat Shields, Refinery  
  78  5:32  Barracks Reactor  
  78  5:33  Hellion  
  78  5:34  SCV x2  
  78  5:35  Hellion  
  83  5:40  Marine x3  
  83  5:42  Medivac  
  88  5:46  SCV x2  
  89  5:58  Marine x2  
  89  6:03  Marine, Orbital Command  
  75  6:05  SCV x2, Hellion x2  
  75  6:08  Terran Infantry Weapons Level 1  
  75  6:09  Terran Infantry Armor Level 1  
  80  6:15  Marine  
  80  6:16  Marine x2  
  80  6:17  SCV  
  84  6:21  Marine  
  84  6:23  Barracks, Orbital Command  
  84  6:24  Barracks  
  83  6:27  Marine  
  83  6:28  Hellion  
  83  6:29  Hellion  
  88  6:33  SCV x2, Marine  
  91  6:40  Marine x2  
  91  6:41  Marine  
  91  6:42  Armory  
  91  6:45  SCV x2  
  96  6:48  Marine  
  96  6:51  Marine  
  96  6:52  SCV  
  99  6:55  Supply Depot  
  99  6:56  Supply Depot  
  99  6:57  SCV  
  99  6:58  Marine  
  99  7:01  SCV  
  102  7:04  Marine x2  
  102  7:06  Supply Depot  
  102  7:07  Medivac  
  102  7:08  Supply Depot  
  106  7:09  Marine x2  
  106  7:10  Barracks Reactor  
  106  7:13  Barracks Tech Lab  
  106  7:14  SCV  
  109  7:17  SCV x2  
  109  7:21  Marine  
  109  7:22  Marauder  
  114  7:24  Concussive Shells, Missile Turret  
  114  7:26  SCV  
  114  7:27  Missile Turret  
  114  7:29  SCV  
  112  7:31  SCV  
  99  7:41  Marine x3  
  99  7:42  Marine x2  
  99  7:44  Marauder  
  106  7:45  Medivac  
  106  7:46  Hellion, Medivac  
  106  7:47  Hellion  
  114  7:57  Marine  
  114  7:58  SCV  
  116  7:59  Marine x3  
  116  8:00  Marine  
  116  8:02  Refinery  
  116  8:04  Refinery  
  122  8:07  Command Center  
Show
View Real Time Build Order
Export as new Build Order

Cambam Terran 

Build Orders:  

Get SALT Encoding   

Show
View Real Time Build Order
Export as new Build Order

Schnitzel Terran 

Build Orders:  

Get SALT Encoding   

Tags
 
Add a new tag
Caveats
  • Supply blocks, unpowered buildings, or Contaminate may cause inaccurate times.
  • Supply counts are checked every 10 seconds.